 Dungeon Crawl Stone Soup version 0.31-a0-216-g22e908daa7 (webtiles) character file.

Game seed: 13685804032627975204

4954 qw the Blocker (level 10, -4/59 HPs)
             Began as a Gargoyle Fighter on July 2, 2023.
             Was a Believer of Okawaru.
             Killed from afar by an oklob plant (12 damage)
             ... with a splash of acid
             ... on level 1 of the Lair of Beasts.
             The game lasted 00:03:48 (7956 turns).

qw the Blocker (Gargoyle Fighter)                   Turns: 7956, Time: 00:03:48

Health: -4/59      AC: 19    Str: 24    XL:     10   Next: 53%
Magic:  12/13      EV: 10    Int:  9    God:    Okawaru [**....]
Gold:   238        SH: 20    Dex: 18    Spells: 9/9 levels left

rFire   + . .        Y - +4 war axe (drain)
rCold   . . .        i - +0 tower shield
rNeg    + . .        b - +0 plate armour
rPois   inf          (no helmet)
rElec   +            (no cloak)
rCorr   .            u - +1 pair of gloves {Dex+3}
SInv    .            g - +2 pair of boots
Will    .....        (no amulet) Stlth
                     s - ring of protection from fire
HPRegen 0.29/turn    r - +6 ring of dexterity
MPRegen 0.13/turn

%: no passive effects
@: heroic, corroded
A: sickness immunity, AC +7, negative energy resistance 1, electricity
resistance, torment resistance 1, petrification resistance
a: Renounce Religion, Heroism


You were on level 1 of the Lair of Beasts.
You worshipped Okawaru.
Okawaru was pleased with you.
You visited 3 branches of the dungeon, and saw 10 of its levels.

You collected 552 gold pieces.
You spent 314 gold pieces at shops.


Innate Abilities, Weirdness & Mutations

You are immune to sickness and miasma.
Your stone body is resilient. (AC +7)
You are immune to poison.
You resist negative energy. (rN+)
You are resistant to electric shocks. (rElec)
You are resistant to unholy torment.
You are immune to petrification.


   Skills:
 - Level 5.0(10.0) Fighting
 - Level 8.0(13.0) Axes
 - Level 2.3(7.3) Throwing
 - Level 4.1(9.1) Armour
 - Level 4.3(9.3) Dodging
 + Level 10.9(15.9) Shields
 - Level 4.0 Invocations


You had 9 spell levels left.
You didn't know any spells.
Your spell library was empty.

Inventory:

Hand Weapons
 h - a +0 flail
 o - a +5 war axe
 Y - a +4 war axe of draining (weapon)
Missiles
 n - 3 boomerangs
 t - 5 javelins (quivered)
Armour
 b - a +0 plate armour (worn)
 g - a +2 pair of boots (worn)
 i - a +0 tower shield (worn)
 u - a +1 pair of gloves of dexterity (worn)
Jewellery
 q - a ring of positive energy
 r - a +6 ring of dexterity (right hand)
 s - a ring of protection from fire (left hand)
Scrolls
 a - 5 scrolls of identify
Potions
 d - 3 potions of might
 f - a potion of attraction
 j - a potion of haste
 k - 2 potions of enlightenment
 l - 2 potions of resistance
 m - a potion of lignification
 p - 6 potions of curing

Dungeon Overview and Level Annotations

Branches:
Dungeon (8/15)             Temple (1/1) D:7            Lair (1/5) D:8

Altars:
Ashenzari
Cheibriados
Dithmenos
Elyvilon
Fedhas
Gozag
Hepliaklqana
Kikubaaqudgha
Makhleb
Nemelex Xobeh
Okawaru
Qazlal
Ru
Sif Muna
Trog
Uskayaw
Vehumet
Wu Jian
Xom
Yredelemnul
Zin
The Shining One

Shops:
D:4 *   D:6 *   D:7 **


Message History

You hit the bush but do no damage. You completely miss the bush.
You hit the oklob plant but do no damage.
The oklob plant is severely damaged.
You hit the bush but do no damage. You drain the bush. You hit the bush.
You drain the bush. The oklob plant spits acid at you.
The splash of acid hits you.
You hit the oklob plant.
The oklob plant is severely damaged.
You hit the bush. You drain the bush. You hit the bush but do no damage.
You drain the bush. The oklob plant spits acid at you.
You block the splash of acid.
You hit the oklob plant.
The oklob plant is severely damaged.
You slash the bush! You hit the bush but do no damage.
The oklob plant spits acid at you. The splash of acid hits you!!
The acid corrodes you!
You hit the oklob plant but do no damage.
The oklob plant is severely damaged.
You hit the bush but do no damage. You slash the bush!
The oklob plant spits acid at you. You block the splash of acid.
You hit the oklob plant but do no damage.
You drain the oklob plant.
The oklob plant is almost destroyed.
You hit the bush but do no damage. x2
You hit the oklob plant but do no damage.
You drain the oklob plant.
The oklob plant is almost destroyed.
You hit the bush. You drain the bush. You hit the bush but do no damage.
You drain the bush.
You hit the oklob plant but do no damage.
You drain the oklob plant.
The oklob plant is almost destroyed.
You hit the bush but do no damage. You drain the bush.
You hit the bush but do no damage. You drain the bush.
The oklob plant spits acid at you. The splash of acid hits you!
You die...

#.. #.# ##..# #..#
#P... ##..# ##
#...## #..###.#
#....##......##
#.PPP...#.....#
#$PPP[.........
#.PP@..........
#..:...<..P....
.........%.#######
.........###
.......### ......#
...... ......


You could see an oklob plant (very drained).

Vanquished Creatures
  Pikel (D:4)
  3 komodo dragons (D:8)
  A wyvern (D:8)
  A wraith (D:8)
  2 steam dragons
  A basilisk (D:8)
  Duvessa (D:3)
  2 water moccasins
  An ice beast (D:8)
  2 orc warriors
  3 ogres
  3 wolves (D:8)
  3 phantoms
  A bullfrog (D:8)
  3 scorpions
  6 wights (D:8)
  Dowan (D:3)
  5 killer bees (D:8)
  4 howler monkeys
  4 hounds
  2 gnoll boudas
  4 orc priests
  A jelly (D:3)
  3 iguanas
  Natasha (twice) (D:3)
  4 orc wizards
  12 gnolls
  7 adders
  A shadow imp (D:6)
  An ufetubus (D:5)
  2 worms (D:2)
  A dart slug (D:1)
  35 orcs
  5 ball pythons
  5 endoplasms
  3 giant cockroaches
  4 goblins
  8 hobgoblins
  8 quokkas
  7 bats
  5 frilled lizards
  8 kobolds
  4 rats
180 creatures vanquished.

Notes
Turn   | Place    | Note
-------+----------+-------------------------------------------
     0 | D:1      | qw the Gargoyle Fighter began the quest for the Orb.
     0 | D:1      | Reached XP level 1. HP: 14/14 MP: 1/1
     0 | D:1      | 0 ||| qw: Version: 0.3-a-40-ge99b1a8
     0 | D:1      | 0 ||| qw: Game counter: 7930
     0 | D:1      | 0 ||| qw: Melee chars always use a shield: true
     0 | D:1      | 0 ||| qw: God list: Okawaru
     0 | D:1      | 0 ||| qw: Allow faded altars: false
     0 | D:1      | 0 ||| qw: Do Orc after clearing Dungeon:15 true
     0 | D:1      | 0 ||| qw: Do second Lair branch before Depths: true
     0 | D:1      | 0 ||| qw: Lair rune preference: random
     0 | D:1      | 0 ||| qw: Goals: Normal, Zot:1-4, Slime:5, God:TSO, Crypt,
                  | Tomb, Abyss, Pan, Hells, Win
     0 | D:1      | 0 ||| PLANNING D:1-11
    76 | D:1      | 76 ||| Stepping ~*~*~tactically~*~*~ (hiding).
    77 | D:1      | 77 ||| Stepping ~*~*~tactically~*~*~ (hiding).
   194 | D:1      | Reached XP level 2. HP: 15/19 MP: 2/2
   517 | D:1      | 517 ||| DROPPING +0 club.
   546 | D:1      | 546 ||| Stepping ~*~*~tactically~*~*~ (stealth).
   568 | D:1      | Reached skill level 3 in Axes
   602 | D:1      | Reached XP level 3. HP: 22/23 MP: 3/3
   813 | D:1      | 813 ||| UPGRADING to +1 pair of boots.
   818 | D:1      | 818 ||| DROPPING amulet of magic regeneration.
   819 | D:1      | 819 ||| READING scroll labelled IHUARUG ZAK.
   820 | D:1      | 820 ||| READING scroll labelled FEOHIS OPROCAI.
   871 | D:2      | Found a faded altar of an unknown god.
  1013 | D:2      | 1013 ||| DROPPING +0 whip.
  1416 | D:2      | Reached XP level 4. HP: 28/28 MP: 4/4
  1762 | D:2      | 1762 ||| UPGRADING to +0 tower shield.
  1772 | D:2      | 1772 ||| DROPPING +0 buckler.
  1773 | D:2      | 1773 ||| UPGRADING to +0 chain mail.
  1783 | D:2      | 1783 ||| DROPPING +0 scale mail.
  1784 | D:2      | 1784 ||| READING scroll labelled BEBREHA DEASO.
  1785 | D:2      | 1785 ||| DRINKING 2 sapphire potions.
  2071 | D:3      | Noticed Natasha
  2078 | D:3      | Killed Natasha
  2079 | D:3      | Reached skill level 4 in Shields
  2079 | D:3      | Reached XP level 5. HP: 29/32 MP: 5/5
  2114 | D:3      | Found a basalt altar of Yredelemnul.
  2115 | D:3      | Found a broken altar of Ashenzari.
  2170 | D:3      | Found a hide-covered altar of Uskayaw.
  2170 | D:3      | Found a stormy altar of Qazlal.
  2172 | D:3      | Found an ornate altar of the Wu Jian Council.
  2174 | D:3      | Found a shimmering blue altar of Sif Muna.
  2175 | D:3      | Found a glowing silver altar of Zin.
  2176 | D:3      | Found a sacrificial altar of Ru.
  2221 | D:3      | Noticed Natasha
  2222 | D:3      | 2222 ||| Stepping ~*~*~tactically~*~*~ (stealth).
  2233 | D:3      | 2233 ||| Stepping ~*~*~tactically~*~*~ (hiding).
  2239 | D:3      | Killed Natasha
  2390 | D:3      | 2390 ||| UPGRADING to +6 ring of dexterity.
  2391 | D:3      | 2391 ||| READING scroll labelled AXUUDD LENIOCY.
  2392 | D:3      | 2392 ||| DRINKING 2 fuming ruby potions.
  2393 | D:3      | 2393 ||| READING 3 scrolls of identify.
  2393 | D:3      | 2393 ||| IDENTIFYING sedimented golden potion
  2394 | D:3      | 2394 ||| READING 2 scrolls of identify.
  2394 | D:3      | 2394 ||| IDENTIFYING white potion
  2395 | D:3      | 2395 ||| DROPPING potion of brilliance.
  2416 | D:4      | Noticed Duvessa
  2416 | D:4      | Noticed Dowan
  2421 | D:4      | 2421 ||| STAIRDANCE
  2425 | D:3      | Reached skill level 5 in Shields
  2426 | D:3      | HP: 4/32 [Dowan/puff of frost (8)]
  2427 | D:3      | 2427 ||| DRINKING potion of heal wounds.
  2431 | D:3      | Killed Dowan
  2432 | D:3      | Reached XP level 6. HP: 27/37 MP: 6/6
  2439 | D:3      | Killed Duvessa
  2440 | D:3      | Reached skill level 6 in Shields
  2583 | D:4      | 2583 ||| Stepping ~*~*~tactically~*~*~ (hiding).
  2597 | D:4      | 2597 ||| Stepping ~*~*~tactically~*~*~ (stealth).
  2599 | D:4      | 2599 ||| Stepping ~*~*~tactically~*~*~ (stealth).
  2603 | D:4      | 2603 ||| Stepping ~*~*~tactically~*~*~ (stealth).
  2612 | D:4      | 2612 ||| Stepping ~*~*~tactically~*~*~ (hiding).
  2615 | D:4      | 2615 ||| Stepping ~*~*~tactically~*~*~ (hiding).
  2616 | D:4      | 2616 ||| Stepping ~*~*~tactically~*~*~ (hiding).
  2619 | D:4      | 2619 ||| Stepping ~*~*~tactically~*~*~ (hiding).
  2625 | D:4      | Reached skill level 7 in Shields
  2801 | D:4      | Reached XP level 7. HP: 41/41 MP: 7/7
  2849 | D:4      | Noticed Pikel
  2850 | D:4      | 2850 ||| Stepping ~*~*~tactically~*~*~ (stealth).
  2852 | D:4      | 2852 ||| Stepping ~*~*~tactically~*~*~ (stealth).
  2862 | D:4      | Killed Pikel
  2863 | D:4      | Reached XP level 8. HP: 46/46 MP: 8/8
  2864 | D:4      | Found Onna's Assorted Antiques.
  2872 | D:4      | 2872 ||| BUYING 2 pink potions (41 gold).
  2872 | D:4      | Bought 2 pink potions for 41 gold pieces
  2872 | D:4      | 2872 ||| BUYING bone ring (115 gold).
  2872 | D:4      | Bought a bone ring for 115 gold pieces
  2872 | D:4      | 2872 ||| SHOPLISTING crooked copper wand (92 gold, have
                  | 68).
  2872 | D:4      | 2872 ||| BUYING emerald potion (20 gold).
  2872 | D:4      | Bought an emerald potion for 20 gold pieces
  2872 | D:4      | 2872 ||| SHOPLISTING morningstar (92 gold, have 48).
  3043 | D:4      | 3043 ||| Stepping ~*~*~tactically~*~*~ (stealth).
  3114 | D:4      | 3114 ||| DROPPING ring of magical power.
  3115 | D:4      | 3115 ||| READING scroll labelled JOMIKHL HOIXI.
  3116 | D:4      | 3116 ||| READING scroll labelled UZIONU MOPAKYZXEI.
  3117 | D:4      | 3117 ||| DRINKING 2 pink potions.
  3118 | D:4      | 3118 ||| DRINKING 2 emerald potions.
  3119 | D:4      | 3119 ||| READING 2 scrolls of identify.
  3119 | D:4      | 3119 ||| IDENTIFYING fuming brown potion
  3139 | D:5      | Entered Level 5 of the Dungeon
  3273 | D:5      | 3273 ||| Stepping ~*~*~tactically~*~*~ (hiding).
  3286 | D:5      | 3286 ||| DRINKING potion of curing.
  3286 | D:5      | 3286 ||| (to cure confusion)
  3336 | D:5      | Reached skill level 8 in Shields
  3414 | D:5      | Identified the +1 quarterstaff of the Queen {drain, Int+3}
  4037 | D:5      | Reached skill level 9 in Shields
  4094 | D:5      | 4094 ||| READING 2 scrolls labelled FEMIRO ETUHAM.
  4099 | D:5      | 4099 ||| READING scroll labelled UPSYLO HOBUGONO.
  4100 | D:5      | 4100 ||| READING scroll labelled UNIOM HYMNUNTUMUU.
  4101 | D:5      | 4101 ||| DRINKING 2 viscous red potions.
  4115 | D:6      | Reached XP level 9. HP: 52/52 MP: 9/9
  4216 | D:6      | 4216 ||| Stepping ~*~*~tactically~*~*~ (hiding).
  4217 | D:6      | 4217 ||| Stepping ~*~*~tactically~*~*~ (hiding).
  4331 | D:6      | 4331 ||| Stepping ~*~*~tactically~*~*~ (stealth).
  4346 | D:6      | 4346 ||| Stepping ~*~*~tactically~*~*~ (stealth).
  4377 | D:6      | 4377 ||| READING scroll labelled GEODET ZUXOF.
  4392 | D:6      | Reached skill level 6 in Axes
  4446 | D:6      | 4446 ||| Stepping ~*~*~tactically~*~*~ (stealth).
  4515 | D:6      | Found Wixuggo's General Store.
  4524 | D:6      | 4524 ||| SHOPLISTING 2 potions of mutation (224 gold, have
                  | 106).
  4524 | D:6      | 4524 ||| SHOPLISTING amulet of faith (560 gold, have 106).
  4524 | D:6      | 4524 ||| BUYING scroll of enchant armour (105 gold).
  4524 | D:6      | Bought a scroll of enchant armour for 105 gold pieces
  4524 | D:6      | 4524 ||| SHOPLISTING scroll of identify (28 gold, have 1).
  4524 | D:6      | 4524 ||| READING scroll of enchant armour.
  4524 | D:6      | 4524 ||| ENCHANTING +1 pair of boots.
  4623 | D:6      | 4623 ||| Stepping ~*~*~tactically~*~*~ (stealth).
  4813 | D:6      | 4813 ||| UPGRADING to ring of positive energy.
  4814 | D:6      | 4814 ||| UPGRADING to ring of protection from fire.
  4816 | D:6      | 4816 ||| UPGRADING to +6 ring of dexterity.
  4818 | D:6      | 4818 ||| READING scroll labelled APUVYO RIZAU.
  5159 | D:6      | 5159 ||| DRINKING 2 fuming red potions.
  5160 | D:6      | 5160 ||| DROPPING potion of degeneration.
  5256 | D:7      | Found a staircase to the Ecumenical Temple.
  5257 | D:7      | 5257 ||| PLANNING TEMPLE
  5259 | D:7      | 5259 ||| Stepping ~*~*~tactically~*~*~ (stealth).
  5285 | D:7      | Reached skill level 10 in Shields
  5366 | Temple   | Entered the Ecumenical Temple
  5379 | Temple   | 5379 ||| PLANNING OKAWARU WORSHIP
  5464 | Temple   | Became a worshipper of Warmaster Okawaru
  5465 | Temple   | 5465 ||| PLANNING D:1-11
  5720 | D:7      | Found Dudyi's Specific Store.
  5728 | D:7      | Found Utevidu's General Store.
  5736 | D:7      | 5736 ||| SHOPLISTING +1 plate armour of willpower (385
                  | gold, have 89).
  5736 | D:7      | 5736 ||| BUYING potion of curing (33 gold).
  5736 | D:7      | Bought a potion of curing for 33 gold pieces
  6017 | D:7      | Reached skill level 1 in Throwing
  6111 | D:7      | 6111 ||| READING 2 scrolls of enchant weapon.
  6111 | D:7      | 6111 ||| ENCHANTING +1 war axe of draining.
  6112 | D:7      | 6112 ||| READING scroll of enchant weapon.
  6112 | D:7      | 6112 ||| ENCHANTING +2 war axe of draining.
  6236 | D:7      | 6236 ||| UPGRADING to +0 plate armour.
  6246 | D:7      | 6246 ||| DROPPING +0 chain mail.
  6247 | D:7      | 6247 ||| UPGRADING to +1 pair of gloves of dexterity.
  6557 | D:8      | Noticed a komodo dragon
  6570 | D:8      | Killed a komodo dragon
  6570 | D:8      | Reached * piety under Okawaru
  6674 | D:8      | Reached skill level 1 in Invocations
  6690 | D:8      | Noticed a komodo dragon
  6691 | D:8      | 6691 ||| INVOKING Heroism.
  6701 | D:8      | Killed a komodo dragon
  6701 | D:8      | Noticed a komodo dragon
  6702 | D:8      | Reached XP level 10. HP: 47/59 MP: 9/11
  6705 | D:8      | 6705 ||| INVOKING Heroism.
  6711 | D:8      | Reached skill level 3 in Invocations
  6813 | D:8      | 6813 ||| READING scroll of enchant weapon.
  6813 | D:8      | 6813 ||| ENCHANTING +3 war axe of draining.
  6858 | D:8      | Found a staircase to the Lair.
  6931 | D:8      | 6931 ||| Stepping ~*~*~tactically~*~*~ (hiding).
  6936 | D:8      | 6936 ||| INVOKING Heroism.
  6946 | D:8      | 6946 ||| Stepping ~*~*~tactically~*~*~ (hiding).
  7015 | D:8      | 7015 ||| Stepping ~*~*~tactically~*~*~ (hiding).
  7016 | D:8      | 7016 ||| Stepping ~*~*~tactically~*~*~ (hiding).
  7279 | D:8      | 7279 ||| DROPPING +0 war axe of freezing.
  7593 | D:8      | Reached ** piety under Okawaru
  7618 | D:8      | 7618 ||| PLANNING LAIR
  7717 | Lair:1   | Entered Level 1 of the Lair of Beasts
  7717 | Lair:1   | Noticed an oklob plant
  7718 | Lair:1   | 7718 ||| INVOKING Heroism.
  7723 | Lair:1   | 7723 ||| STAIRDANCE
  7728 | D:8      | 7728 ||| READING scroll of teleportation.
  7781 | D:8      | 7781 ||| Stepping ~*~*~tactically~*~*~ (stealth).
  7859 | Lair:1   | 7859 ||| STAIRDANCE
  7926 | Lair:1   | 7926 ||| INVOKING Heroism.
  7948 | Lair:1   | 7948 ||| INVOKING Heroism.
  7952 | Lair:1   | HP: 7/59 [oklob plant/splash of acid (26)]
  7956 | Lair:1   | Killed from afar by an oklob plant

Levels and vault maps discovered:
D:1:      dpeg_arrival_water_temple_mockup, layout_loops_ring
D:2:      minmay_chambers_of_twos, layout_basic,
          hellmonk_ecumenical_altar_heavens_door, minmay_diced_spiral
D:3:      layout_rooms, minitemple, uniq_natasha
D:4:      layout_cave_pools, serial_shops, nicolae_shop_tiny_statue_garden,
          uniq_duvessa, uniq_pikel
D:5:      layout_basic
D:6:      layout_basic, serial_shops, shop, nicolae_fountain_basement
D:7:      layout_cave_pods, minmay_temple_entry_hall, minmay_crystal_room,
          minmay_strange_pillars, nicolae_specific_store,
          hangedman_abyss_or_decor_jellyfish_corner, serial_bayou_pond_a
D:8:      layout_basic, erik_lair_dragon
Temple:   compressed_dpeg_circular_temple
Lair:1:   layout_cave_pods, minmay_lair_oklob_bushes

Skill      XL: |  1  2  3  4  5  6  7  8  9 10 |
---------------+-------------------------------+-----
Axes           | 2 3 4 5 7 8 |  8.0
Shields        | 4 5 7 9 10 | 10.9
Dodging        | 4 |  4.3
Fighting       | 4 5 |  5.0
Throwing       | 1 2 |  2.3
Armour         | 4 |  4.1
Invocations    | 2 4 |  4.0

Action                     |  1- 3 |  4- 6 |  7- 9 | 10-12 || total
---------------------------+-------+-------+-------+-------++-------
  Melee: War axe           |   120 |   103 |   255 |   111 ||   589
  Throw: Javelin           |       |       |    15 |    18 ||    33
         Boomerang         |       |       |    15 |       ||    15
 Invoke: Heroism           |       |       |     1 |     5 ||     6
    Use: Scroll            |     2 |     4 |    11 |     2 ||    19
         Potion            |       |     3 |     5 |       ||     8
 Armour: Scale mail        |    68 |     6 |       |       ||    74
         Chain mail        |       |    45 |    87 |       ||   132
         Plate armour      |       |       |    30 |    26 ||    56
  Dodge: Dodged            |    46 |    18 |    77 |    20 ||   161
  Block: Buckler           |    22 |     2 |       |       ||    24
         Tower shield      |       |    85 |   236 |    91 ||   412

Table legend:
 A = Non-vault XP
 B = Vault XP
 C = Vault XP percentage of total XP
 D = Non-vault monster count
 E = Vault monster count
 F = Vault count percentage of total count
                 A         B        C        D         E       F
            +---------+---------+-------+---------+---------+-------
      Total |    4607 |    2471 |  34.9 |     158 |      22 |  12.2
            +---------+---------+-------+---------+---------+-------
        D:1 |      43 |       0 |   0.0 |      25 |       0 |   0.0
        D:2 |      26 |      27 |  50.9 |      10 |      12 |  54.5
        D:3 |     145 |     246 |  62.9 |      17 |       3 |  15.0
        D:4 |     186 |     617 |  76.8 |      23 |       1 |   4.2
        D:5 |     975 |       0 |   0.0 |      26 |       0 |   0.0
        D:6 |     855 |       0 |   0.0 |      22 |       0 |   0.0
        D:7 |     459 |       0 |   0.0 |      11 |       0 |   0.0
        D:8 |    1773 |    1581 |  47.1 |      23 |       6 |  20.7
     Lair:1 |     145 |       0 |   0.0 |       1 |       0 |   0.0
            +---------+---------+-------+---------+---------+-------
